 Dungeon Crawl Stone Soup version 0.31-a0-986-g5e6e4ef867 (webtiles) character file.

Game seed: 15862921549782061095

3123 LeprechaunX the Mimic (level 9, -2/55 HPs)
             Began as an Octopode Shapeshifter on Nov 20, 2023.
             Was a Believer of Hepliaklqana.
             Slain by a gnoll
             ... wielding a +0 spear
              (7 damage)
             ... on level 4 of the Dungeon.
             The game lasted 00:14:49 (6818 turns).

LeprechaunX the Mimic (Octopode Shapeshifter)       Turns: 6818, Time: 00:14:49

Health: -2/55      AC:  1    Str: 15    XL:     9   Next: 91%
Magic:  9/9        EV: 28    Int: 13    God:    Hepliaklqana [**....]
Gold:   290        SH:  0    Dex: 13    Spells: 8/8 levels left

rFire   + .          .
                       - Unarmed
rCold   x . .        (no shield)
rNeg    + . .        (helmet currently unavailable)
rPois   +            n - amulet of the acrobat
rElec   .            h - ring of positive energy
rCorr   .            v - ring of poison resistance
SInv    +            x - ring of see invisible
Will    .....        H - ring of fire
Stlth   ++           (no ring)
HPRegen 0.29/turn    (no ring)
MPRegen 0.11/turn    (no ring)
                     (no ring)

%: acrobat
@: beast-form, weakened, acrobatic
A: beast (slay +4), reduced essence, almost no armour, amphibious, 8 rings,
camouflage 1, gelatinous body 1, (nimble swimmer 1), tentacles
a: Begin Untransformation, Renounce Religion, Recall Ancestor, Ancestor Identity


You were on level 4 of the Dungeon.
You worshipped Hepliaklqana.
Hepliaklqana was pleased with you.
You were a hulking beast.
You visited 2 branches of the dungeon, and saw 8 of its levels.
You also visited: Sewer.

You collected 290 gold pieces.

Inventory:

Hand Weapons
 a - a +0 sling
Missiles
 f - 6 curare-tipped darts
 u - 10 boomerangs (quivered)
Jewellery
 h - a ring of positive energy (left tentacle)
 n - an amulet of the acrobat (around mantle)
 v - a ring of poison resistance (right tentacle)
 x - a ring of see invisible (on tentacle)
 H - a ring of fire (on tentacle)
Talismans
 b - a beast talisman
 c - a flux talisman
 k - a blade talisman
Wands
 p - a wand of polymorph (18)
 s - a wand of iceblast (9)
 G - a wand of charming (7)
Scrolls
 g - a scroll of identify
 i - a scroll of blinking
 l - a scroll of silence {unknown}
 m - a scroll of butterflies {unknown}
 o - 3 scrolls of fear {unknown}
 q - 4 scrolls of teleportation
 t - a scroll of torment {unknown}
 y - a scroll of enchant armour {unknown}
 A - 2 scrolls of fog {unknown}
 D - a scroll of brand weapon {unknown}
 I - a scroll of vulnerability {unknown}
Potions
 d - 4 potions of brilliance
 e - 2 potions of magic
 j - a potion of attraction {unknown}
 r - 2 potions of lignification
 w - 2 potions of berserk rage {unknown}
 z - 2 potions of heal wounds {unknown}
 B - 2 potions of mutation
 C - a potion of enlightenment {unknown}
 E - a potion of cancellation {unknown}
 F - 3 potions of curing {unknown}


   Skills:
 + Level 6.1 Fighting
 - Level 3.0 Throwing
 - Level 2.0 Dodging
 - Level 6.0 Unarmed Combat
 + Level 5.9 Evocations
 * Level 8.6 Shapeshifting


You had 8 spell levels left.
You didn't know any spells.
Your spell library contained the following spells:

 Spells                   Type           Power      Damage    Failure   Level
 Kiss of Death            Conj/Necr      0%         2d5       30%         1
 Ensorcelled Hibernation  Hex/Ice        0%         N/A       43%         2
 Lesser Beckoning         Tloc           0%         N/A       43%         2
 Passwall                 Tmut/Erth      0%         N/A       43%         2
 Confusing Touch          Hex            0%         N/A       67%         3
 Gell's Gravitas          Tloc           0%         N/A       67%         3
 Ozocubu's Armour         Ice            0%         N/A       67%         3
 Swiftness                Air            0%         N/A       67%         3
 Teleport Other           Tloc           0%         N/A       67%         3
 Tukima's Dance           Hex            0%         N/A       67%         3
 Dispel Undead            Necr           0%         3d6       97%         4
 Passage of Golubria      Tloc           0%         N/A       97%         4
 Yara's Violent Unravell  Hex/Tmut       0%         3d3       100%        5
 Ozocubu's Refrigeration  Ice            0%         4d7       100%        7


Dungeon Overview and Level Annotations

Branches:
Dungeon (7/15)             Temple (1/1) D:4           Sewer (visited)

Altars:
Ashenzari
Cheibriados
Dithmenos
Fedhas
Gozag
Hepliaklqana
Kikubaaqudgha
Nemelex Xobeh
Okawaru
Qazlal
Ru
Sif Muna
Trog
Xom
Yredelemnul
Zin
The Shining One

Shops:
D:1 (   D:6 ([(=

Annotations:
D:4 1 transporter, jimbles's ghost, amateur MiBe


Innate Abilities, Weirdness & Mutations

You are a hulking beast.
Your limbs bulge with bestial killing power. (Slay +4)
Your life essence is reduced to manifest your ancestor. (-10% HP)
You cannot wear most types of armour.
You are amphibious.
You can wear up to eight rings at the same time.
Your skin changes colour to match your surroundings (Stealth+).
Your rubbery body absorbs attacks. (AC +1, EV +1)
((You are camouflaged when in or above water. (Stealth+)))
You have tentacles for arms and can constrict up to eight enemies at once.


Message History

Ramose points at jimbles's ghost and mumbles some strange words.
The puff of frost hits jimbles's ghost!
Jimbles's ghost hits Ramose.
Throw: 10 boomerangs
Press: ? - help, Q - select action, (/) - cycle Shift-Dir - straight line, f/p - jimbles's ghost
Aim: jimbles's ghost (severely damaged, not watching you, ally target, 64% to hit)
You throw a boomerang. Ramose avoids your attack.
The boomerang hits jimbles's ghost but does no damage.
Jimbles's ghost is severely damaged.
Ramose hits jimbles's ghost with a +0 quarterstaff.
The gnoll closely misses you.
The gnoll bouda closely misses Ramose.
Jimbles's ghost hits Ramose!
Ramose hits jimbles's ghost with a +0 quarterstaff.
The gnoll closely misses you.
The gnoll hits Ramose with a +0 flail.
The gnoll bouda hits Ramose with a +0 club!
Ramose is destroyed!
The gnoll hits you from afar with a +2 halberd of venom.
* * * LOW HITPOINT WARNING * * *
There is an open translucent door here.
The gnoll bouda barks out a call to the hunt!
The gnolls pick up the pace!
The gnoll throws a throwing net.
The throwing net misses you.
Jimbles's ghost whispers, "It is all a dream - a grotesque and foolish dream."
You see here a throwing net.
The gnoll zaps a wand.
You easily resist.
Blink to where?
Press: ? - help, Dir - move target, p - jimbles's ghost
As you read the scroll of blinking, it crumbles to dust.
The gnoll closely misses you.
You tentacle-slap the gnoll. You grab the gnoll. You squeeze the gnoll.
You kill the gnoll!
The gnoll closely misses you.
Unknown command.
The gnoll bouda gazes fiercely through you!
You feel your attacks grow feeble.
It was a potion of magic.
Magic courses through your body.
The gnoll hits you from afar with a +0 spear.
* * * LOW HITPOINT WARNING * * *
The gnoll closely misses you. The gnoll attacks as it pursues you!
The gnoll hits you from afar with a +0 spear!
You die...

.....# ##.≈≈≈≈≈≈≈≈~≈≈≈≈≈≈≈≈.####
#.##.# ##..≈≈≈≈≈≈≈≈~≈≈≈≈≈≈≈≈.....
#.##.# #...≈≈####.....####≈≈.....
...#.# #.#.≈≈#..#8###8#..#≈≈..##.
.....###.#.≈≈#8.###.###.8#≈≈..##.
......(....≈≈#g..........#≈≈..##.
#.##.###.#.≈≈###.##g##.###≈≈.....
#.##.# #.#.≈≈..#.#...#g#..≈≈.####
.....# #...≈≈.##h#...#.##.≈≈)#
#.#### ###.≈≈.#g.#.:.#..#.≈≈.#
#.# #.≈≈.##g#####.##.≈≈.# #.#
#.....#)#8⌠8#)#..≈≈.# #.#
##....©#g'.©.'.#©.~~.# ..#
#......#.#..)#.#..≈≈.#
..#######..≈≈.##g##.##.##.≈≈.#
........>..≈≈.#..#...#..#.≈≈.#
.....####..≈≈.##.'.g.'.##.≈≈.#


You could see a gnoll bouda and 5 gnolls.

Vanquished Creatures
  Maggie (D:6)
  Grinder (D:3)
  A water moccasin (D:6)
  An ice beast (D:6)
  3 black bears
  2 ogres
  A centaur (D:6)
  A phantom (D:6)
  2 kobold brigands (Sewer)
  2 bullfrogs
  7 wights (D:6)
  A howler monkey (D:7)
  An orc priest (D:4)
  A hound (D:6)
  A sleepcap (D:6)
  6 iguanas
  An orc wizard (D:5)
  Robin (D:2)
  10 gnolls
  13 adders
  A river rat (Sewer)
  2 white imps (D:7)
  2 ufetubi (D:4)
  3 worms
  A dart slug (D:5)
  9 orcs
  5 bats
  7 endoplasms
  2 giant cockroaches
  23 goblins
  8 hobgoblins
  2 jackals (D:1)
  5 kobolds
  3 quokkas
  11 ball pythons
  6 frilled lizards
  6 rats
153 creatures vanquished.

Vanquished Creatures (collateral kills)
  2 ice beasts
  An ogre (D:6)
  2 gnoll sergeants (D:7)
  2 wights (D:6)
  An iguana (D:6)
  2 gnolls (D:7)
  A worm (D:5)
  An orc (D:7)
  A jackal (Sewer)
  A kobold (Sewer)
  A rat (Sewer)
15 creatures vanquished.

Vanquished Creatures (others)
  A battlemage (D:4)
1 creature vanquished.

Grand Total: 169 creatures vanquished

Notes
Turn   | Place    | Note
-------+----------+-------------------------------------------
     0 | D:1      | LeprechaunX the Octopode Shapeshifter began the quest for
                  | the Orb.
     0 | D:1      | Reached XP level 1. HP: 13/13 MP: 1/1
   104 | D:1      | Reached XP level 2. HP: 14/18 MP: 2/2
   161 | D:1      | Found Carghomie's Antique Weapon Shop.
   533 | D:2      | Reached XP level 3. HP: 15/23 MP: 3/3
   536 | D:2      | Reached skill level 1 in Throwing
   589 | D:2      | Found a sparkling altar of Nemelex Xobeh.
   719 | D:2      | Reached XP level 4. HP: 29/29 MP: 4/4
   954 | D:2      | Noticed Robin
   964 | D:2      | Killed Robin
  1308 | D:3      | Reached skill level 4 in Shapeshifting
  1330 | D:3      | Noticed an ogre
  1346 | D:3      | Reached XP level 5. HP: 34/34 MP: 5/5
  1374 | D:3      | Killed an ogre
  1725 | D:3      | Reached XP level 6. HP: 41/41 MP: 6/6
  1988 | D:3      | Noticed Grinder
  1992 | D:3      | Paralysed by Grinder for 4 turns
  2002 | D:3      | Killed Grinder
  2003 | D:3      | Reached skill level 1 in Evocations
  2204 | D:4      | Reached XP level 7. HP: 24/46 MP: 7/7
  2329 | D:4      | Reached skill level 5 in Shapeshifting
  2503 | D:4      | Found a staircase to the Ecumenical Temple.
  2507 | D:4      | Found a transporter.
  2508 | D:4      | Found a transporter.
  2513 | D:4      | Identified the +12 trident of Equilibrium {venom, MP+9
                  | Int+3 Stlth+}
  2530 | Temple   | Entered the Ecumenical Temple
  2539 | Temple   | Became a worshipper of Hepliaklqana the Forgotten
  2927 | D:4      | Noticed jimbles's ghost (amateur MiBe)
  3103 | D:4      | Reached * piety under Hepliaklqana
  3310 | D:5      | Entered Level 5 of the Dungeon
  3401 | D:5      | Found an opulent altar of Gozag.
  3514 | D:5      | Found a glowing drain.
  3525 | D:5      | Reached XP level 8. HP: 44/48 MP: 8/8
  3531 | Sewer    | Entered a sewer
  3914 | Sewer    | Reached skill level 5 in Unarmed Combat
  3914 | Sewer    | Reached skill level 6 in Shapeshifting
  4155 | D:5      | Found an iron altar of Okawaru.
  4164 | D:5      | Found a glowing golden altar of the Shining One.
  4796 | D:6      | Reached skill level 7 in Shapeshifting
  4796 | D:6      | Reached XP level 9. HP: 12/54 MP: 9/9
  5014 | D:6      | Found Hezis's Jewellery Shop.
  5038 | D:6      | Reached skill level 5 in Fighting
  5198 | D:6      | Reached ** piety under Hepliaklqana
  5200 | D:6      | Remembered your ancestor Ramose as a battlemage
  5252 | D:6      | Reached skill level 5 in Evocations
  5283 | D:6      | Found Niceyd Qiyhi's Weapon Shoppe.
  5437 | D:6      | Found Ziklee Sesel's Armour Shop.
  5450 | D:6      | Noticed Maggie
  5454 | D:6      | Killed Maggie
  5455 | D:6      | Reached skill level 8 in Shapeshifting
  5612 | D:6      | Found Tuomasch's Antique Weapon Emporium.
  6382 | D:7      | Found a glowing silver altar of Zin.
  6593 | D:7      | Found a sparkling altar of Nemelex Xobeh.
  6818 | D:4      | Slain by a gnoll

Illustrated notes

Levels and vault maps discovered:
D:1:      heliophobic_arrival_dark_side_of_the_moon, layout_basic, serial_shops,
          nicolae_shop_rolling_square
D:2:      layout_basic, basic_altar, minmay_tall_x, uniq_robin
D:3:      layout_basic, minmay_ogre_servants, uniq_grinder
D:4:      layout_loops_corners, minmay_temple_entry_proselytizer,
          gammafunk_ghost_gnarly_gnolls
D:5:      layout_rooms, overflow_temple_1_default, general_overflow_altar,
          mainiacjoe_overflow_catwalk, cheibrodos_sewer_entry_bend,
          nicolae_elevator_lobby_plus
D:6:      layout_cave_pools, serial_shops, shop,
          nicolae_shop_bloodbath_and_beyond, nicolae_diamond_shop,
          nicolae_shop_real_fake_doors, uniq_maggie
D:7:      layout_loops_corners, zin_statuary, kennysheep_mini,
          minmay_misc_feat_four_crosses
Temple:   hellmonk_temple_two_chambers

Skill      XL: |  1  2  3  4  5  6  7  8  9 |
---------------+----------------------------+-----
Throwing       | 1 2 3 |  3.0
Fighting       | 2 3 4 6 |  6.1
Shapeshifting  | 4 5 7 8 |  8.6
Unarmed Combat | 4 5 6 |  6.0
Evocations     | 1 2 4 5 |  5.9
Dodging        | |  2.0

Action                     |  1- 3 |  4- 6 |  7- 9 || total
---------------------------+-------+-------+-------++-------
  Melee: Unarmed           |    58 |    91 |   184 ||   333
         Constrict         |    17 |    23 |    52 ||    92
         Tentacles         |    14 |    17 |    57 ||    88
         Punch             |     1 |     2 |    14 ||    17
   Fire: Sling             |       |       |    12 ||    12
  Throw: Dart              |       |     2 |       ||     2
         Boomerang         |       |       |    42 ||    42
 Invoke: Ancestor Life: Ba |       |       |     1 ||     1
    Use: Scroll            |       |       |     5 ||     5
         Potion            |       |       |     1 ||     1
   Stab: Sleeping          |     2 |     4 |     9 ||    15
 Armour: Skin              |    29 |    34 |    84 ||   147
  Dodge: Dodged            |    45 |    63 |   131 ||   239

Table legend: (Time is in decaauts)
 A = Elapsed time spent in this place.
 B = Non-inter-level travel time spent in this place.
 C = Inter-level travel time spent in this place.
 D = Time resting spent in this place.
 E = Time spent auto-exploring this place.
 F = Levels seen in this place.
 G = Mean time per level.
                   A        B        C        D        E       F      G
               +--------+--------+--------+--------+--------+-----+--------+
         Total |   6798 |   6509 |    289 |    684 |   4506 |   9 |  755.3 |
       Dungeon |   6225 |   5936 |    289 |    681 |   4096 |   7 |  889.3 |
        Temple |     18 |     18 |      0 |      0 |      0 |   1 |   18.0 |
         Sewer |    555 |    555 |      0 |      3 |    410 |   1 |  555.0 |
               +--------+--------+--------+--------+--------+-----+--------+

Top non-repeatable levels by time:
     D:4: 1144 daAuts
     D:6: 1057 daAuts
     D:7: 963 daAuts
     D:3: 950 daAuts
     D:5: 874 daAuts
     D:2: 744 daAuts
   Sewer: 555 daAuts
     D:1: 491 daAuts
  Temple: 18 daAuts
